 Dungeon Crawl Stone Soup version 0.21.1-1-g345015f (webtiles) character file.

370107 Flooderbenga the Gnoll Aeon (level 22, -6/223 HPs)
             Began as a Gnoll Necromancer on Apr 10, 2018.
             Was the Champion of Cheibriados.
             Mangled by a purple draconian monk (8 damage)
             ... led by Tiamat
             ... on level 4 of the Realm of Zot on Apr 25, 2018.
             The game lasted 11:24:31 (10718 turns).

Flooderbenga the Gnoll Aeon (Gnoll Necromancer)    Turns: 10718, Time: 11:24:32

Health: -6/223     AC: 36    Str: 35    XL:     22   Next: 27%
Magic:  25/40      EV: 29    Int: 41    God:    Cheibriados [******]
Gold:   73         SH: 20    Dex: 30    Spells: 7/50 levels left

rFire    + + .     SeeInvis .   o - +5 trident (freeze)
rCold    + + .     Gourm    .   B - +3 shield {AC+3}
rNeg     + . .     Faith    .   (armour currently unavailable)
rPois    ∞         Spirit   .   R - +0 hat of Vlad {*Slow MR+ Str+7}
rElec    +         Reflect  .   f - +1 cloak
rCorr    +         Harm     .   (gloves currently unavailable)
MR       ++...                  (boots currently unavailable)
Stlth    ++++++++..             E - amulet of magic regeneration
HPRegen  1.47/turn              J - ring of protection from fire
MPRegen  0.52/turn              W - ring of Vyufis {rCorr rC+ Int+2 Dex-2 Stlth+}

@: statue-form, resistant, very slightly contaminated, regenerating, very slow
A: distributed training, fangs 1, strong nose
}: 3/15 runes: serpentine, barnacled, silver
a: End Transformation, Bend Time, Temporal Distortion, Slouch, Step From Time,
Renounce Religion


You were on level 4 of the Realm of Zot.
You worshipped Cheibriados.
Cheibriados was exalted by your worship.
You were not hungry.
You were a stone statue.
You visited 7 branches of the dungeon, and saw 44 of its levels.
You visited 1 bazaar.
You also visited: Labyrinth.

You collected 1937 gold pieces.
You spent 1864 gold pieces at shops.

Inventory:

Hand Weapons
 o - a +5 trident of freezing (weapon)
 M - a +4 dagger of venom
 Y - a +2 demon trident of draining
Missiles
 b - 5 poisoned javelins
 x - 6 throwing nets (quivered) {!f}
 F - 10 javelins
 V - 7 tomahawks of returning
Armour
 f - a +1 cloak (worn)
 n - a +2 pair of gloves (melded)
 u - a +1 pair of boots (melded)
 w - +0 fire dragon scales
 A - a +3 buckler of poison resistance
 B - a +3 shield of protection (worn)
 P - a +4 scale mail of magic resistance (melded)
 R - the +0 hat of Vlad (worn) {*Slow MR+ Str+7}
   (You bought it in a shop on level 4 of the Snake Pit)

   It affects your strength (+7).
   It affects your resistance to hostile enchantments.
   It may slow you when you take damage.
Magical Staves
 v - an uncursed staff of energy
Jewellery
 y - an uncursed ring of protection from magic
 C - an uncursed ring of protection from fire
 E - an amulet of magic regeneration (around neck)
 J - a ring of protection from fire (left hand)
 S - an uncursed ring of see invisible
 W - the ring of Vyufis (right hand) {rCorr rC+ Int+2 Dex-2 Stlth+}
   (You found it on level 11 of the Dungeon)

   [ring of resist corrosion]

   It affects your intelligence (+2).
   It affects your dexterity (-2).
   It protects you from cold.
   It makes you more stealthy.
Wands
 k - a wand of clouds (4)
 l - a wand of iceblast (19)
 s - a wand of digging (5) {@v4}
 T - a wand of enslavement (2) {@v5}
 X - a wand of acid (6)
Scrolls
 g - 2 scrolls of enchant weapon
 j - 4 scrolls of teleportation {@r3}
 m - 2 scrolls of fog {@r4}
 r - 4 scrolls of identify {@r1}
 G - 4 scrolls of remove curse {@r2}
 K - a scroll of amnesia
 O - a scroll of fear {@r5}
Potions
 d - a potion of magic
 e - a potion of agility {@q5}
 i - 3 potions of haste {@q3}
 p - a potion of cancellation
 q - 3 potions of curing {@q1}
 t - 3 potions of mutation
 H - a potion of might {@q4}
 L - 2 potions of flight
 N - 4 potions of brilliance
Miscellaneous
 z - a crystal ball of energy
 D - a phial of floods
 I - a lightning rod (4/4)
 Q - a phantom mirror
Comestibles
 c - 14 rations


   Skills:
 + Level 14.2 Fighting
 + Level 14.2 Short Blades
 + Level 14.2 Long Blades
 + Level 14.2 Axes
 + Level 14.2 Maces & Flails
 + Level 14.2 Polearms
 + Level 14.2 Staves
 + Level 14.2 Slings
 + Level 14.2 Bows
 + Level 14.2 Crossbows
 + Level 14.2 Throwing
 + Level 14.2 Armour
 + Level 14.8 Dodging
 + Level 14.7 Stealth
 + Level 14.2 Shields
 + Level 14.2 Unarmed Combat
 + Level 14.9 Spellcasting
 + Level 12.3 Conjurations
 + Level 12.3 Hexes
 + Level 12.3 Charms
 + Level 12.3 Summonings
 + Level 13.8 Necromancy
 + Level 12.3 Translocations
 + Level 12.3 Transmutations
 + Level 12.3 Fire Magic
 + Level 12.3 Ice Magic
 + Level 12.3 Air Magic
 + Level 12.3 Earth Magic
 + Level 12.3 Poison Magic
 + Level 15.3 Invocations
 + Level 14.2 Evocations


You had 7 spell levels left.
You knew the following spells:

 Your Spells              Type           Power        Failure   Level  Hunger
a - Pain                  Necr           ####         0%          1    None
b - Animate Dead          Necr           N/A          1%          4    None
c - Borgnjor's Vile Clut  Necr/Erth      #######...   1%          5    None
d - Stone Arrow           Conj/Erth      ######       1%          3    None
e - Invisibility          Hex            #######.     1%          6    None
f - Statue Form           Tmut/Erth      #######..    1%          6    None
g - Death Channel         Necr           #######...   1%          6    None
r - Regeneration          Chrm/Necr      #######...   0%          3    None
s - Passage of Golubria   Tloc           N/A          1%          4    None
x - Passwall              Tmut/Erth      #######...   0%          2    None
z - Animate Skeleton      Necr           N/A          0%          1    None
B - Blink                 Tloc           N/A          0%          2    None


Dungeon Overview and Level Annotations

Branches:
Dungeon (15/15)              Lair (6/6) D:10         Shoals (4/4) Lair:2
  Snake (4/4) Lair:3       Vaults (5/5) D:14         Depths (5/5) D:15
    Zot (5/5) Depths:5
 Temple: D:4-7        Slime: Lair:5-6       Orc: D:9-12       Crypt: Vaults:2-3

Altars:
Ashenzari
Cheibriados
Fedhas
Kikubaaqudgha
Nemelex Xobeh
Qazlal
Uskayaw

Shops:
Shoals:4 =   Snake:4 [   Vaults:5 ?%   Depths:3 [   Depths:4 *   Depths:5 }}=

Portals:
Hell: Depths:3
Abyss: Depths:4
Pandemonium: Depths:3
Ziggurat: Depths:4

Annotations:
D:8 2 exclusions, Erica
D:9 aaeveom's ghost, novice MiBe
Lair:1 exclusion: spiny frog, Gastronok
Lair:4 1 exclusion
Vaults:3 exclusion: obsidian statue, Margery
Depths:2 1 transporter
Zot:4 Tiamat


Innate Abilities, Weirdness & Mutations

Your experience applies equally to all skills.
You have very sharp teeth.
Your uncanny sense of smell can sniff out nearby items.


Message History

Your yellow draconian skeleton hits the purple draconian monk but does no damage.
Your draconian stormcaller skeleton hits Tiamat but does no damage.
The purple draconian monk hits you but does no damage.
You block the purple draconian monk's attack.
The purple draconian monk completely misses you.
You take 34 damage, and have 35/223 hp.
You now have 25/40 mp.
You feel protected.
The zombie hands constrict Tiamat, but do no damage.
The zombie hands constrict the purple draconian monk!!
The zombie hands constrict the red draconian!!
The red draconian hits your draconian stormcaller skeleton with a hand axe!
The red draconian hits your yellow draconian skeleton with a hand axe.
Tiamat hits you from afar with a demon trident of freezing!!
* * * LOW HITPOINT WARNING * * *
Tiamat freezes you.
* * * LOW HITPOINT WARNING * * *
The purple draconian monk hits you but does no damage.
The purple draconian monk kicks you but does no damage.
The purple draconian monk tail-slaps you!
You die...

*,,,,,,,,*#[...,,,,,,,,,,,,,,,,,,
,,,,,****#.....,,,,,,,,,,,,,,,,,,
,,,,** *#......,⌠,∆,,,,,...,,,,,,
,,,,* ##......######***#...,,,*,,
,,,,**#>....#**#...# *#....,,**,,
,****#y....## #...#*#.....,,**,,
,* *#...%.######...##.(....,,**,,
***#.dd.............q..%...,,,*,,
,qqdq...........8Zd........,,,,*,
*###............qZd........,,,,,,
##########..)####.....##**,,,,
#..%# *...### *,,,, ##### *[..#
*,,** *#### ****


You could see Tiamat, a purple draconian monk, a red draconian, a purple
draconian shifter, a friendly yellow draconian skeleton and a friendly draconian
stormcaller skeleton.

Vanquished Creatures
  An orb of fire (Zot:5)
  2 ancient liches
  Frederick (Vaults:3)
  Bai Suzhen (Shoals:4)
  Vashnia (Snake:2)
  3 curse toes
  Xtahua (Depths:4)
  4 golden dragons
  Jory (Vaults:2)
  10 tentacled monstrosities
  A lich (Depths:3)
  A quicksilver dragon (Zot:4)
  2 titans (Vaults:5)
  A sphinx (Vaults:5)
  4 death cobs (Zot:3)
  Polyphemus (Shoals:4)
  3 storm dragons
  A tengu reaver (Depths:3)
  9 shadow dragons
  The ghost of Steelmeadow the Thaumaturge, a journeyman DrFE of Sif Muna (D:15)
  3 nagarajas (Snake:4)
  Ilsuiw (Shoals:4)
  3 frost giants
  3 fire giants
  Roxanne (Shoals:1)
  2 ghost moths (Zot:4)
  A draconian knight (Zot:3)
  A draconian scorcher (Zot:4)
  Aizul (Shoals:4)
  6 vault wardens
  4 draconian stormcallers
  3 draconian shifters (Zot:3)
  3 ironheart preservers
  A war gargoyle (Vaults:5)
  3 vampire knights
  A spriggan defender (Depths:5)
  8 very ugly things
  7 green draconians
  10 stone giants
  8 black draconians
  7 red draconians
  A yellow draconian (Zot:4)
  3 spark wasps (Depths:4)
  2 purple draconians (Zot:2)
  5 white draconians
  A large abomination (Depths:5)
  2 deep elf death magi
  Josephine (D:11)
  7 ettins
  2 merfolk impalers
  7 yaktaur captains
  4 fire dragons
  3 merfolk javelineers
  A minotaur (Lab)
  5 ice dragons
  3 great orbs of eyes
  16 vault guards
  4 rakshasas
  8 naga warriors (Snake:4)
  The ghost of amentoraz the Unseen, a journeyman SpEn of Makhleb (Lair:4)
  5 centaur warriors
  A merfolk avatar (Shoals:4)
  A death knight (Depths:5)
  5 merfolk aquamancers (Shoals:4)
  5 anacondas
  18 two-headed ogres
  8 tengu warriors
  7 ogre magi
  2 deep troll earth magi
  5 death yaks
  3 satyrs (Shoals:4)
  2 vampire magi (Depths:5)
  7 naga sharpshooters
  A spriggan berserker (Depths:5)
  3 shock serpents
  7 hell knights
  A deep elf knight (Vaults:5)
  A soul eater (Depths:5)
  A shadow wraith (Depths:5)
  5 skeletal warriors
  8 deep trolls
  2 wizards
  8 sea snakes
  6 naga ritualists (Snake:4)
  12 ironbrand convokers
  2 necromancers
  6 harpies
  A tengu zombie (Depths:5)
  A wolf spider (Shoals:1)
  An iron dragon zombie (Depths:5)
  2 phantasmal warriors (Vaults:5)
  4 deep elf magi
  15 ugly things
  The ghost of p0werm0de the Reanimator, a novice DgNe (D:10)
  3 salamanders (Snake:4)
  5 cyclopes
  12 fauns
  17 moths of wrath
  11 manticores
  A spriggan zombie (Depths:5)
  A fire giant skeleton (Vaults:5)
  8 merfolk sirens
  21 naga magi
  12 black mambas
  A small abomination (Depths:4)
  6 elephants
  2 water nymphs (Shoals:4)
  4 spiny frogs
  A torpor snail (Lair:2)
  An elf zombie (Depths:5)
  Psyche (D:8)
  A gargoyle (D:14)
  3 vault sentinels
  A rime drake (Lair:4)
  2 kobold demonologists (D:13)
  A freezing wraith (Vaults:3)
  A meliai (shapeshifter) (Depths:1)
  5 komodo dragons
  24 yaktaurs
  2 tengu conjurers
  3 trolls
  23 merfolk
  3 meliai (Shoals:4)
  3 wind drakes
  2 hippogriffs
  8 dream sheep
  4 snapping turtles
  8 water elementals
  A spriggan (shapeshifter) (Vaults:4)
  7 wraiths
  A shadow (D:15)
  A vampire (D:13)
  2 wyverns
  A basilisk (Lair:2)
  A golden eye (shapeshifter) (Vaults:3)
  12 yaks
  Grum (D:10)
  A soldier ant (shapeshifter) (Vaults:3)
  3 vampire mosquitoes (D:13)
  Edmund (D:5)
  21 nagas
  Duvessa (D:5)
  A soldier ant (D:11)
  5 water moccasins
  An acid dragon (Vaults:2)
  4 porcupines
  4 orc warriors
  A sky beast (D:7)
  3 ice beasts
  A black bear (D:8)
  A necrophage (D:10)
  13 ogres
  An eye of draining (D:14)
  4 boggarts (Depths:2)
  11 wolves
  3 crocodiles
  16 centaurs
  5 big kobolds
  9 bullfrogs
  A scorpion (D:13)
  Dowan (D:5)
  7 wights
  A bullfrog zombie (D:6)
  3 jellies
  A hound (D:10)
  An orc priest (D:14)
  A bullfrog skeleton (D:8)
  Jessica (D:3)
  3 iguanas
  6 orc wizards
  3 worker ants
  A hound zombie (D:10)
  A hound skeleton (D:9)
  7 adders
  A shadow imp (D:9)
  3 oozes
  A worm (D:3)
  5 dart slugs
  4 leopard geckos
  27 orcs
  3 giant cockroaches
  3 goblins
  A hobgoblin (D:2)
  A jackal (D:2)
  12 kobolds
  3 quokkas
  3 bats (D:1)
  2 frilled lizards (D:1)
  A quokka skeleton (D:5)
  5 rats
  A rat (shapeshifter) (Vaults:2)
  2 crawling corpses (Depths:5)
  A fungus (Lair:3)
  6 plants
820 creatures vanquished.

Vanquished Creatures (collateral kills)
  A curse toe (Zot:5)
  A titan (Vaults:5)
  A quicksilver dragon (Zot:4)
  2 tengu reavers (Vaults:5)
  2 storm dragons
  2 nagarajas (Snake:4)
  A vault warden (Vaults:5)
  2 ironheart preservers (Vaults:5)
  2 very ugly things (Vaults:5)
  A spriggan defender (Depths:5)
  A stone giant (Vaults:5)
  A purple draconian (Zot:3)
  3 ettins (Vaults:5)
  A merfolk javelineer (Shoals:4)
  A merfolk impaler (Shoals:1)
  A minotaur (Shoals:4)
  A fire dragon (Depths:5)
  10 vault guards
  4 ice dragons
  A catoblepas (Shoals:4)
  A merfolk aquamancer (Shoals:4)
  An ogre mage (Vaults:5)
  6 two-headed ogres
  A titan zombie (Depths:5)
  2 naga sharpshooters (Snake:4)
  2 skeletal warriors (Vaults:2)
  A glowing orange brain (Depths:4)
  A naga ritualist (Snake:4)
  An ironbrand convoker (Vaults:2)
  2 phantasmal warriors (Vaults:5)
  A deep elf mage (Vaults:5)
  A mana viper (Snake:4)
  3 harpies
  An ugly thing (D:15)
  An elephant (Shoals:4)
  A faun (Shoals:1)
  A moth of wrath (Zot:5)
  2 merfolk sirens (Shoals:4)
  A vault sentinel (Vaults:5)
  3 black mambas
  6 naga magi (Snake:4)
  4 yaktaurs
  A yaktaur skeleton (Vaults:5)
  A freezing wraith (Vaults:5)
  4 merfolk (Shoals:4)
  A tengu conjurer (Depths:4)
  3 hippogriffs
  A hornet (Depths:5)
  A tarantella (shapeshifter) (Depths:3)
  A spriggan (Depths:5)
  A basilisk (Lair:1)
  4 nagas
  A soldier ant (shapeshifter) (Depths:5)
  A water moccasin (Lair:1)
  2 porcupines
  A centaur (D:13)
  3 wolves
  2 ogres
  A bullfrog (Lair:2)
  A centaur skeleton (D:7)
  An orc priest (D:4)
113 creatures vanquished.

Vanquished Creatures (others)
  A ghost moth (Zot:4)
  A vampire knight (Depths:5)
  4 two-headed ogres (Vaults:2)
  A storm dragon zombie (Depths:5)
  An ogre mage (Vaults:2)
  An ironbrand convoker (Vaults:2)
  A manticore (Shoals:4)
  A faun (shapeshifter) (Vaults:5)
  A human zombie (Vaults:5)
  A hornet (Vaults:4)
  An ogre (Vaults:2)
  A fungus (Lair:3)
  2 pillars of salt (Vaults:4)
  47 plants
64 creatures vanquished.

Grand Total: 997 creatures vanquished

Notes
Turn   | Place    | Note
-------+----------+-------------------------------------------
     0 | D:1      | Flooderbenga the Gnoll Necromancer began the quest for the Orb.
     0 | D:1      | Reached XP level 1. HP: 13/13 MP: 6/6
    94 | D:1      | Learned a level 1 spell: Animate Skeleton
   137 | D:1      | Reached XP level 2. HP: 7/19 MP: 0/7
   338 | D:2      | Found an ancient bone altar of Kikubaaqudgha.
   363 | D:3      | Reached skill level 5 in Spellcasting
   363 | D:3      | Reached skill level 1 in Invocations
   363 | D:3      | Reached XP level 3. HP: 16/25 MP: 4/9
   425 | D:2      | Reached skill level 1 in Fighting
   425 | D:2      | Reached skill level 1 in Short Blades
   425 | D:2      | Reached skill level 1 in Long Blades
   425 | D:2      | Reached skill level 1 in Axes
   425 | D:2      | Reached skill level 1 in Maces & Flails
   425 | D:2      | Reached skill level 1 in Polearms
   425 | D:2      | Reached skill level 1 in Staves
   425 | D:2      | Reached skill level 1 in Slings
   425 | D:2      | Reached skill level 1 in Bows
   425 | D:2      | Reached skill level 1 in Crossbows
   425 | D:2      | Reached skill level 1 in Throwing
   425 | D:2      | Reached skill level 1 in Armour
   425 | D:2      | Reached skill level 1 in Shields
   425 | D:2      | Reached skill level 1 in Unarmed Combat
   425 | D:2      | Reached skill level 1 in Evocations
   435 | D:2      | Reached XP level 4. HP: 14/32 MP: 1/11
   445 | D:3      | Found a stormy altar of Qazlal.
   447 | D:3      | Noticed a fire elemental
   506 | D:2      | Learned a level 3 spell: Regeneration
   757 | D:3      | Noticed Jessica
   759 | D:3      | Killed Jessica
   759 | D:3      | Reached skill level 1 in Conjurations
   759 | D:3      | Reached skill level 1 in Hexes
   759 | D:3      | Reached skill level 1 in Charms
   759 | D:3      | Reached skill level 1 in Summonings
   759 | D:3      | Reached skill level 1 in Translocations
   759 | D:3      | Reached skill level 1 in Transmutations
   759 | D:3      | Reached skill level 1 in Fire Magic
   759 | D:3      | Reached skill level 1 in Ice Magic
   759 | D:3      | Reached skill level 1 in Air Magic
   759 | D:3      | Reached skill level 1 in Earth Magic
   759 | D:3      | Reached skill level 1 in Poison Magic
   759 | D:3      | Reached XP level 5. HP: 23/37 MP: 7/12
   768 | D:3      | Learned a level 5 spell: Borgnjor's Vile Clutch
   869 | D:3      | Noticed an air elemental
   933 | D:5      | Entered Level 5 of the Dungeon
  1011 | D:5      | Noticed Duvessa
  1012 | D:5      | Noticed Dowan
  1032 | D:5      | Killed Dowan
  1036 | D:5      | Killed Duvessa
  1036 | D:5      | Reached skill level 5 in Dodging
  1036 | D:5      | Reached skill level 2 in Invocations
  1036 | D:5      | Reached XP level 6. HP: 17/43 MP: 2/14
  1066 | D:5      | Noticed Edmund
  1091 | D:5      | Killed Edmund
  1091 | D:5      | Reached XP level 7. HP: 38/49 MP: 6/15
  1217 | D:8      | Found a sparkling altar of Nemelex Xobeh.
  1319 | D:8      | Got an ichor-stained war axe
  1320 | D:8      | Identified the cursed +1 war axe of Forgiveness {chop, Fragile rC++} (You found it on level 8 of the Dungeon)
  1360 | D:7      | Found a snail-covered altar of Cheibriados.
  1366 | D:7      | Became a worshipper of Cheibriados the Contemplative
  1386 | D:7      | Reached skill level 5 in Stealth
  1396 | D:7      | Reached skill level 3 in Invocations
  1547 | D:5      | Reached XP level 8. HP: 56/56 MP: 8/16
  1661 | D:7      | Noticed a spriggan baker
  1803 | D:8      | Noticed Psyche
  1806 | D:8      | Killed Psyche
  1850 | D:9      | Noticed aaeveom's ghost (novice MiBe)
  1912 | D:8      | Found a shattered altar of Ashenzari.
  1949 | D:7      | Reached * piety under Cheibriados
  1949 | D:7      | Reached skill level 4 in Invocations
  1980 | D:8      | Reached XP level 9. HP: 64/64 MP: 0/18
  1996 | D:8      | Noticed Erica
  2059 | D:10     | Entered Level 10 of the Dungeon
  2191 | D:10     | Noticed a troll
  2348 | D:10     | Noticed Grum
  2376 | D:10     | Killed Grum
  2379 | D:10     | Reached ** piety under Cheibriados
  2385 | D:10     | Noticed a two-headed ogre
  2389 | D:10     | Killed a two-headed ogre
  2389 | D:10     | Reached skill level 5 in Invocations
  2389 | D:10     | Reached XP level 10. HP: 25/72 MP: 2/20
  2431 | D:11     | Learned a level 2 spell: Passwall
  2436 | D:11     | Learned a level 4 spell: Animate Dead
  2440 | D:11     | Learned a level 3 spell: Stone Arrow
  2445 | D:11     | Learned a level 4 spell: Petrify
  2481 | D:11     | Noticed a green ugly thing
  2489 | D:11     | Killed a green ugly thing
  2489 | D:11     | Reached skill level 5 in Fighting
  2489 | D:11     | Reached skill level 5 in Short Blades
  2489 | D:11     | Reached skill level 5 in Long Blades
  2489 | D:11     | Reached skill level 5 in Axes
  2489 | D:11     | Reached skill level 5 in Maces & Flails
  2489 | D:11     | Reached skill level 5 in Polearms
  2489 | D:11     | Reached skill level 5 in Staves
  2489 | D:11     | Reached skill level 5 in Slings
  2489 | D:11     | Reached skill level 5 in Bows
  2489 | D:11     | Reached skill level 5 in Crossbows
  2489 | D:11     | Reached skill level 5 in Throwing
  2489 | D:11     | Reached skill level 5 in Armour
  2489 | D:11     | Reached skill level 5 in Shields
  2489 | D:11     | Reached skill level 5 in Unarmed Combat
  2489 | D:11     | Reached skill level 5 in Evocations
  2534 | D:11     | Noticed a tengu warrior
  2550 | D:11     | Killed a tengu warrior
  2576 | D:11     | Reached skill level 6 in Invocations
  2582 | D:11     | Noticed Josephine
  2596 | D:10     | Reached *** piety under Cheibriados
  2605 | D:10     | Noticed p0werm0de's ghost (novice DgNe)
  2627 | D:10     | Killed p0werm0de's ghost
  2646 | D:10     | Found a staircase to the Lair.
  2652 | Lair:1   | Entered Level 1 of the Lair of Beasts
  2670 | Lair:1   | Reached XP level 11. HP: 76/80 MP: 22/22
  2707 | Lair:1   | Noticed Gastronok
  2846 | Lair:1   | Reached skill level 5 in Conjurations
  2846 | Lair:1   | Reached skill level 5 in Hexes
  2846 | Lair:1   | Reached skill level 5 in Charms
  2846 | Lair:1   | Reached skill level 5 in Summonings
  2846 | Lair:1   | Reached skill level 5 in Translocations
  2846 | Lair:1   | Reached skill level 5 in Transmutations
  2846 | Lair:1   | Reached skill level 5 in Fire Magic
  2846 | Lair:1   | Reached skill level 5 in Ice Magic
  2846 | Lair:1   | Reached skill level 5 in Air Magic
  2846 | Lair:1   | Reached skill level 5 in Earth Magic
  2846 | Lair:1   | Reached skill level 5 in Poison Magic
  3033 | Lair:2   | Noticed a death yak
  3037 | Lair:2   | Reached **** piety under Cheibriados
  3038 | Lair:2   | Reached skill level 7 in Invocations
  3043 | Lair:2   | Killed a death yak
  3117 | Lair:2   | You fall through a shaft!
  3251 | Lair:6   | Entered Level 6 of the Lair of Beasts
  3319 | Lair:4   | Noticed amentoraz's ghost (journeyman SpEn)
  3354 | Lair:5   | Reached XP level 12. HP: 80/88 MP: 18/24
  3391 | Lair:4   | Found a labyrinth entrance.
  3400 | Lab      | Entered a labyrinth
  3547 | Lab      | Noticed a minotaur
  3557 | Lab      | Killed a minotaur
  3733 | Lair:3   | Reached ***** piety under Cheibriados
  3786 | Lair:2   | Found a staircase to the Shoals.
  3808 | Shoals:1 | Entered Level 1 of the Shoals
  3900 | Shoals:3 | Noticed a merfolk javelineer
  3955 | Shoals:4 | Entered Level 4 of the Shoals
  3970 | Shoals:4 | Learned a level 3 spell: Static Discharge
  3987 | Shoals:4 | Noticed Aizul
  4026 | Shoals:4 | Reached skill level 8 in Invocations
  4030 | Shoals:4 | Noticed Bai Suzhen
  4113 | Shoals:1 | Noticed Roxanne
  4203 | Shoals:1 | Noticed a merfolk impaler
  4229 | Shoals:1 | Reached XP level 13. HP: 24/98 MP: 2/26
  4334 | Shoals:1 | Killed Roxanne
  4339 | Shoals:1 | Identified Roxanne's Collected Works on Stones (You took it off Roxanne on level 1 of the Shoals)
  4371 | Shoals:1 | Killed a merfolk impaler
  4378 | Shoals:1 | Learned a level 6 spell: Statue Form
  4545 | Shoals:3 | Noticed a merfolk javelineer
  4547 | Shoals:3 | Killed a merfolk javelineer
  4648 | Shoals:3 | Reached skill level 9 in Invocations
  4679 | Shoals:4 | Killed Bai Suzhen
  4679 | Shoals:4 | Killed Aizul
  4679 | Shoals:4 | Reached skill level 10 in Necromancy
  4693 | Shoals:4 | Reached skill level 10 in Spellcasting
  4717 | Shoals:4 | Reached XP level 14. HP: 106/106 MP: 24/28
  4810 | Shoals:4 | Reached skill level 10 in Dodging
  5005 | Shoals:4 | Reached skill level 10 in Stealth
  5119 | Shoals:4 | Noticed Polyphemus
  5128 | Shoals:4 | Killed Polyphemus
  5128 | Shoals:4 | Reached skill level 10 in Invocations
  5261 | Shoals:4 | Found a hide-covered altar of Uskayaw.
  5262 | Shoals:4 | Noticed Ilsuiw
  5269 | Shoals:4 | Killed Ilsuiw
  5380 | Shoals:4 | Found Jeluisopna's Jewellery Shoppe.
  5388 | Shoals:4 | Reached XP level 15. HP: 61/114 MP: 11/29
  5408 | Shoals:4 | Bought an uncursed ring of protection from magic for 425 gold pieces
  5498 | Shoals:4 | Got a barnacled rune of Zot
  5545 | Shoals:4 | Learned a level 4 spell: Passage of Golubria
  5847 | Lair:4   | Found a runed door.
  5893 | Lair:4   | Killed amentoraz's ghost
  5993 | Lair:3   | Found a staircase to the Snake Pit.
  6001 | Snake:1  | Entered Level 1 of the Snake Pit
  6075 | Snake:2  | Noticed Vashnia
  6084 | Snake:2  | Killed Vashnia
  6084 | Snake:2  | Reached skill level 10 in Fighting
  6084 | Snake:2  | Reached skill level 10 in Short Blades
  6084 | Snake:2  | Reached skill level 10 in Long Blades
  6084 | Snake:2  | Reached skill level 10 in Axes
  6084 | Snake:2  | Reached skill level 10 in Maces & Flails
  6084 | Snake:2  | Reached skill level 10 in Polearms
  6084 | Snake:2  | Reached skill level 10 in Staves
  6084 | Snake:2  | Reached skill level 10 in Slings
  6084 | Snake:2  | Reached skill level 10 in Bows
  6084 | Snake:2  | Reached skill level 10 in Crossbows
  6084 | Snake:2  | Reached skill level 10 in Throwing
  6084 | Snake:2  | Reached skill level 10 in Armour
  6084 | Snake:2  | Reached skill level 10 in Shields
  6084 | Snake:2  | Reached skill level 10 in Unarmed Combat
  6084 | Snake:2  | Reached skill level 10 in Evocations
  6150 | Snake:3  | Noticed a nagaraja
  6309 | Snake:3  | Learned a level 6 spell: Invisibility
  6313 | Snake:4  | Entered Level 4 of the Snake Pit
  6323 | Snake:4  | Reached skill level 11 in Invocations
  6383 | Snake:4  | Noticed a nagaraja
  6390 | Snake:4  | Killed a nagaraja
  6462 | Snake:4  | Found Caschot's Armour Emporium.
  6480 | Snake:4  | Bought the +0 hat of Vlad {*Slow MR+ Str+7} for 334 gold pieces
  6509 | Snake:4  | Reached XP level 16. HP: 122/122 MP: 17/31
  6575 | Snake:4  | Reached ****** piety under Cheibriados
  6582 | Snake:4  | Noticed a nagaraja
  6592 | Snake:4  | Noticed a nagaraja
  6592 | Snake:4  | Noticed a nagaraja
  6594 | Snake:4  | Killed a nagaraja
  6595 | Snake:4  | Noticed a nagaraja
  6596 | Snake:4  | Killed a nagaraja
  6617 | Snake:4  | Killed a nagaraja
  6637 | Snake:4  | Killed a nagaraja
  6707 | Snake:4  | Noticed a nagaraja
  6710 | Snake:4  | Got a serpentine rune of Zot
  6906 | D:11     | Got a scintillating copper ring
  6936 | D:11     | Killed Josephine
  6952 | D:11     | Identified the ring of Vyufis {rCorr rC+ Int+2 Dex-2 Stlth+} (You found it on level 11 of the Dungeon)
  7281 | D:14     | Learned a level 2 spell: Blink
  7315 | D:13     | Found a blossoming altar of Fedhas.
  7437 | D:14     | Found a gate to the Vaults.
  7440 | D:14     | Reached XP level 17. HP: 131/131 MP: 22/33
  7443 | D:14     | Reached skill level 12 in Invocations
  7463 | Vaults:1 | Entered Level 1 of the Vaults
  7566 | Vaults:2 | Noticed Jory
  7679 | Vaults:2 | Killed Jory
  7765 | Vaults:2 | Found a flickering gateway to a bazaar.
  7772 | Bazaar   | Entered a bazaar
  7772 | Bazaar   | Found Gyobu's Antique Weapon Emporium.
  7772 | Bazaar   | Found Vulyph's Weapon Boutique.
  7787 | Bazaar   | Found Nusoham's Gadget Emporium.
  7789 | Bazaar   | Found Jom Qoz's Food Emporium.
  7797 | Bazaar   | Found Kymempie's Weapon Boutique.
  7909 | Vaults:3 | Noticed Frederick
  7914 | Vaults:3 | Killed Frederick
  8057 | Vaults:3 | Noticed Margery
  8371 | Vaults:4 | Reached skill level 10 in Conjurations
  8371 | Vaults:4 | Reached skill level 10 in Hexes
  8371 | Vaults:4 | Reached skill level 10 in Charms
  8371 | Vaults:4 | Reached skill level 10 in Summonings
  8371 | Vaults:4 | Reached skill level 10 in Translocations
  8371 | Vaults:4 | Reached skill level 10 in Transmutations
  8371 | Vaults:4 | Reached skill level 10 in Fire Magic
  8371 | Vaults:4 | Reached skill level 10 in Ice Magic
  8371 | Vaults:4 | Reached skill level 10 in Air Magic
  8371 | Vaults:4 | Reached skill level 10 in Earth Magic
  8371 | Vaults:4 | Reached skill level 10 in Poison Magic
  8379 | Vaults:5 | Entered Level 5 of the Vaults
  8379 | Vaults:5 | Noticed a tentacled monstrosity
  8389 | Vaults:5 | Found Ohelakki's Food Shoppe.
  8399 | Vaults:5 | Reached XP level 18. HP: 123/139 MP: 18/34
  8454 | Vaults:5 | Noticed a titan
  8460 | Vaults:5 | Killed a titan
  8512 | Vaults:5 | Noticed a golden dragon
  8514 | Vaults:5 | Noticed a golden dragon
  8526 | Vaults:5 | Killed a golden dragon
  8526 | Vaults:5 | Reached skill level 13 in Invocations
  8528 | Vaults:5 | Killed a golden dragon
  8555 | Vaults:5 | Noticed a titan
  8555 | Vaults:5 | Killed a tentacled monstrosity
  8562 | Vaults:5 | Killed a titan
  8567 | Vaults:5 | Noticed a tentacled monstrosity
  8591 | Vaults:5 | Noticed an ancient lich
  8600 | Vaults:5 | Killed an ancient lich
  8600 | Vaults:5 | Reached XP level 19. HP: 121/147 MP: 0/36
  8609 | Vaults:5 | Found Xoiskun's Magic Scroll Shop.
  8614 | Vaults:5 | Bought a scroll of enchant armour for 150 gold pieces
  8648 | Vaults:5 | Got a silver rune of Zot
  8851 | D:15     | Entered Level 15 of the Dungeon
  8851 | D:15     | Noticed Steelmeadow's ghost (journeyman DrFE)
  8866 | D:15     | Killed Steelmeadow's ghost
  9064 | D:15     | Found a staircase to the Depths.
  9077 | Depths:1 | Entered Level 1 of the Depths
  9154 | Depths:2 | Found a transporter.
  9335 | Depths:3 | Found a one-way gate leading to the halls of Pandemonium.
  9345 | Depths:3 | Identified a scroll of acquirement
  9358 | Depths:3 | Found a gateway to Hell.
  9367 | Depths:3 | Found Kaip Zupn's Armour Emporium.
  9474 | Depths:3 | Noticed a lich
  9478 | Depths:3 | Killed a lich
  9492 | Depths:3 | Reached XP level 20. HP: 134/155 MP: 21/37
  9497 | Depths:3 | Reached skill level 14 in Invocations
  9507 | Depths:4 | Noticed Xtahua
  9518 | Depths:4 | Killed Xtahua
  9526 | Depths:4 | Found Iteadec's Island Escapes.
  9541 | Depths:5 | Entered Level 5 of the Depths
  9546 | Depths:5 | Was placed under penance by Cheibriados
  9556 | Depths:4 | Found a one-way gate to the infinite horrors of the Abyss.
  9588 | Depths:4 | Was forgiven by Cheibriados
  9592 | Depths:4 | Found a shattered altar of Ashenzari.
  9615 | Depths:4 | Found a gateway to a ziggurat.
  9681 | Depths:5 | Identified the Disquisition on Unholy Rituals
  9753 | Depths:5 | Noticed an ancient lich
  9761 | Depths:5 | Killed an ancient lich
  9822 | Depths:5 | Found Weder's Gadget Boutique.
  9823 | Depths:5 | Found Ycajur's Jewellery Shoppe.
  9824 | Depths:5 | Found Siobec's Gadget Boutique.
  9839 | Depths:5 | Bought a crystal ball of energy for 480 gold pieces
  9841 | Depths:5 | Bought an uncursed ring of protection from fire for 475 gold pieces
  9901 | Depths:5 | Found a gate to the Realm of Zot.
  9928 | Zot:1    | Entered Level 1 of the Realm of Zot
  9928 | Zot:1    | Noticed a golden dragon
  9933 | Zot:1    | Killed a golden dragon
  9948 | Zot:1    | Learned a level 6 spell: Death Channel
 10022 | Zot:1    | Reached XP level 21. HP: 163/163 MP: 36/39
 10143 | Zot:2    | Noticed a curse toe
 10148 | Zot:2    | Killed a curse toe
 10239 | Zot:3    | Noticed a curse toe
 10246 | Zot:3    | Killed a curse toe
 10439 | Zot:3    | Reached skill level 15 in Invocations
 10473 | Zot:4    | Noticed a golden dragon
 10481 | Zot:4    | Killed a golden dragon
 10591 | Zot:5    | Entered Level 5 of the Realm of Zot
 10602 | Zot:4    | Noticed Tiamat
 10612 | Zot:5    | Reached XP level 22. HP: 123/172 MP: 23/40
 10636 | Zot:5    | Noticed an orb of fire
 10650 | Zot:5    | Killed an orb of fire
 10652 | Zot:5    | Noticed a curse toe
 10664 | Zot:5    | Noticed a curse toe
 10667 | Zot:5    | Killed a curse toe
 10672 | Zot:5    | Killed a curse toe
 10718 | Zot:4    | HP: 7/223 [Tiamat/demon trident of freezing (30)]
 10718 | Zot:4    | HP: 2/223 [Tiamat/demon trident of freezing (5)]
 10718 | Zot:4    | Mangled by a purple draconian monk

Skill      XL: |  1  2  3  4  5  6  7  8  9 10 11 12 13 14 15 16 17 18 19 20 21 |
---------------+----------------------------------------------------------------+-----
Spellcasting   | 5 6 7 8 9 10 11 12 13 14 | 14.9
Invocations    | 1 2 3 4 5 6 7 8 9 10 11 12 13 14 15 | 15.3
Fighting       | 1 2 3 4 5 6 7 8 9 10 11 12 13 14 | 14.2
Short Blades   | 1 2 3 4 5 6 7 8 9 10 11 12 13 14 | 14.2
Long Blades    | 1 2 3 4 5 6 7 8 9 10 11 12 13 14 | 14.2
Axes           | 1 2 3 4 5 6 7 8 9 10 11 12 13 14 | 14.2
Maces & Flails | 1 2 3 4 5 6 7 8 9 10 11 12 13 14 | 14.2
Polearms       | 1 2 3 4 5 6 7 8 9 10 11 12 13 14 | 14.2
Staves         | 1 2 3 4 5 6 7 8 9 10 11 12 13 14 | 14.2
Slings         | 1 2 3 4 5 6 7 8 9 10 11 12 13 14 | 14.2
Bows           | 1 2 3 4 5 6 7 8 9 10 11 12 13 14 | 14.2
Crossbows      | 1 2 3 4 5 6 7 8 9 10 11 12 13 14 | 14.2
Throwing       | 1 2 3 4 5 6 7 8 9 10 11 12 13 14 | 14.2
Armour         | 1 2 3 4 5 6 7 8 9 10 11 12 13 14 | 14.2
Shields        | 1 2 3 4 5 6 7 8 9 10 11 12 13 14 | 14.2
Unarmed Combat | 1 2 3 4 5 6 7 8 9 10 11 12 13 14 | 14.2
Evocations     | 1 2 3 4 5 6 7 8 9 10 11 12 13 14 | 14.2
Conjurations   | 1 2 3 4 5 6 7 8 9 10 11 12 | 12.3
Hexes          | 1 2 3 4 5 6 7 8 9 10 11 12 | 12.3
Charms         | 1 2 3 4 5 6 7 8 9 10 11 12 | 12.3
Summonings     | 1 2 3 4 5 6 7 8 9 10 11 12 | 12.3
Translocations | 1 2 3 4 5 6 7 8 9 10 11 12 | 12.3
Transmutations | 1 2 3 4 5 6 7 8 9 10 11 12 | 12.3
Fire Magic     | 1 2 3 4 5 6 7 8 9 10 11 12 | 12.3
Ice Magic      | 1 2 3 4 5 6 7 8 9 10 11 12 | 12.3
Air Magic      | 1 2 3 4 5 6 7 8 9 10 11 12 | 12.3
Earth Magic    | 1 2 3 4 5 6 7 8 9 10 11 12 | 12.3
Poison Magic   | 1 2 3 4 5 6 7 8 9 10 11 12 | 12.3
Dodging        | 5 6 7 8 9 10 11 12 13 14 | 14.8
Stealth        | 5 6 7 8 9 10 11 12 13 14 | 14.7
Necromancy     | 8 9 10 11 12 13 | 13.8

Action                   |  1- 3 |  4- 6 |  7- 9 | 10-12 | 13-15 | 16-18 | 19-21 | 22-24 || total
-------------------------+-------+-------+-------+-------+-------+-------+-------+-------++-------
Melee: Dagger            |     5 |     7 |     3 |   114 |     2 |       |    17 |     3 ||   151
       Hand axe          |       |    22 |     4 |       |       |       |       |       ||    26
       Flail             |       |       |     6 |       |       |       |       |       ||     6
       Bite              |       |       |    12 |    36 |    46 |    61 |    78 |     5 ||   238
       War axe           |       |       |    71 |    29 |       |       |       |       ||   100
       Punch             |       |       |     1 |       |       |       |       |       ||     1
       Trident           |       |       |       |    30 |   250 |   100 |    16 |       ||   396
       Unarmed           |       |       |       |       |    44 |       |       |       ||    44
       Demon trident     |       |       |       |       |    53 |   286 |   441 |    25 ||   805
Throw: Tomahawk          |       |     1 |     5 |     2 |    20 |     8 |       |       ||    36
       Stone             |       |       |     4 |     9 |       |       |       |       ||    13
       Throwing net      |       |       |       |       |       |       |     3 |       ||     3
 Cast: Pain              |    32 |    39 |    83 |    17 |     2 |       |       |       ||   173
       Animate Skeleton  |     3 |     1 |    10 |    25 |    25 |     9 |    10 |     3 ||    86
       Regeneration      |       |     1 |     1 |    18 |    23 |     3 |     5 |     3 ||    54
       Borgnjor's Vile C |       |     1 |    15 |    50 |    65 |    91 |   122 |     9 ||   353
       Stone Arrow       |       |       |       |    21 |    25 |     1 |       |       ||    47
       Petrify           |       |       |       |     8 |       |       |       |       ||     8
       Passwall          |       |       |       |    16 |    20 |    12 |    48 |       ||    96
       Animate Dead      |       |       |       |     1 |    13 |    13 |    15 |     1 ||    43
       Static Discharge  |       |       |       |     1 |       |       |       |       ||     1
       Statue Form       |       |       |       |       |    39 |    31 |    27 |     2 ||    99
       Passage of Golubr |       |       |       |       |    34 |    91 |    89 |       ||   214
       Invisibility      |       |       |       |       |       |     5 |     6 |     1 ||    12
       Blink             |       |       |       |       |       |     1 |    27 |       ||    28
       Death Channel     |       |       |       |       |       |       |       |     1 ||     1
Invok: Slouch            |       |       |       |       |     5 |       |     4 |     2 ||    11
       Step From Time    |       |       |       |       |     2 |     1 |     3 |       ||     6
       Temporal Distorti |       |       |       |       |     1 |       |       |       ||     1
 Abil: Evoke Flight      |       |       |       |     5 |     5 |       |       |       ||    10
       Stop Flying       |       |       |       |     2 |       |       |       |       ||     2
       End Transformatio |       |       |       |       |       |     1 |       |       ||     1
Evoke: Wand              |       |     5 |     1 |     6 |     1 |     5 |     5 |     2 ||    25
       Crystal ball of e |       |       |       |       |       |       |     1 |       ||     1
       Staff of energy   |       |       |       |       |       |       |       |     5 ||     5
  Use: Scroll            |       |     8 |    12 |    11 |    11 |     7 |    16 |       ||    65
       Potion            |       |     2 |       |     1 |     4 |     2 |     6 |     2 ||    17
 Stab: Sleeping          |     5 |     6 |     2 |     8 |     8 |    11 |     8 |     3 ||    51
       Petrifying        |       |       |       |     4 |       |       |       |       ||     4
       Distracted        |       |       |       |       |     5 |     7 |    10 |     4 ||    26
       Invisible         |       |       |       |       |       |    18 |    27 |     1 ||    46
       Held in net/web   |       |       |       |       |       |       |     1 |       ||     1
  Eat: Chunk             |       |       |     6 |     6 |    16 |     2 |     5 |     1 ||    36
       Ration            |       |       |     1 |     3 |     3 |     4 |       |       ||    11
Armor: Robe              |       |     7 |    22 |     8 |       |     5 |       |       ||    42
       Skin              |       |    16 |       |       |   129 |   113 |   184 |     6 ||   448
       Scale mail        |       |       |       |    27 |     5 |     4 |    26 |       ||    62
Dodge: Dodged            |     2 |    12 |    89 |   128 |   367 |   373 |   538 |    27 ||  1536
Block: Buckler           |       |       |    43 |    95 |   271 |   286 |   114 |       ||   809
       Shield            |       |       |       |       |       |       |   377 |    24 ||   401
